 Dungeon Crawl Stone Soup version 0.32-a0-485-g70f7560b1c (webtiles) character file.

Game seed: 4598853051322074945

345 horus123 the Poker (level 6, -2/47 HPs)
             Began as a Human Fighter on Feb 27, 2024.
             Shot with an arrow by a centaur (8 damage)
             ... on level 5 of the Dungeon.
             The game lasted 00:03:23 (2017 turns).

horus123 the Poker (Human Fighter)                  Turns: 2017, Time: 00:03:24

Health: -2/47      AC: 14    Str: 19    XL:     6   Next: 58%
Magic:  6/6        EV:  5    Int:  8    God:
Gold:   134        SH:  4    Dex: 12    Spells: 5/5 levels left

rFire   . . .        a - +0 trident
rCold   + . .        c - +0 buckler
rNeg    . . .        k - +3 plate armour
rPois   .            (no helmet)
rElec   .            (no cloak)
rCorr   .            (no gloves)
SInv    .            (no boots)
Will    .....        (no amulet) Stlth
                     g - ring of protection from cold
HPRegen 0.27/turn    (no ring)
MPRegen 0.10/turn

%: no passive effects
@: mighty
A: explore regen
a: no special abilities


You were on level 5 of the Dungeon.
You visited 1 branch of the dungeon, and saw 5 of its levels.

You collected 134 gold pieces.

Inventory:

Hand Weapons
 a - a +0 trident (weapon)
Armour
 c - a +0 buckler (worn)
 k - a +3 plate armour (worn)
Jewellery
 g - a ring of protection from cold (left hand)
Scrolls
 b - a scroll of enchant weapon {unknown}
 e - 3 scrolls of teleportation
 f - a scroll of revelation {unknown}
 j - 2 scrolls of identify {unknown}
 l - a scroll of brand weapon {unknown}
 m - a scroll of noise {unknown}
 o - a scroll of fog {unknown}
Potions
 h - a potion of haste {unknown}
 i - a potion of berserk rage {unknown}
 n - a potion of invisibility {unknown}
 p - a potion of magic {unknown}


   Skills:
 - Level 3.0 Fighting
 + Level 6.8 Polearms
 - Level 3.0 Armour
 - Level 3.0 Shields


You had 5 spell levels left.
You didn't know any spells.
Your spell library contained the following spells:

 Spells                   Type           Power      Damage    Failure   Level
 Haunt                    Necr/Summ      0%         N/A       100%        7
 Borgnjor's Revivificati  Necr           0%         N/A       100%        8
 Death's Door             Necr           0%         N/A       100%        9


Dungeon Overview and Level Annotations

Branches:
Dungeon (6/15)
 Temple: D:4-7

Altars:
Vehumet


Innate Abilities, Weirdness & Mutations

You regain HP and MP as you explore.


Message History

You kill the orc!
Items here: )) [ †.
Things that are here:
a +2 dagger of draining; a +0 dagger; an orc corpse
Items here: )) [ †.
A bombardier beetle comes into view.
A centaur comes into view.
The centaur shouts!
Something shouts, "Repent, thou bootless moon-mazed coxcomb!"
The centaur wields a +0 shortbow.
The centaur shoots an arrow.
The arrow hits you.
The centaur shoots an arrow.
The arrow hits you.
The centaur shoots an arrow.
You block the arrow.
The centaur shoots an arrow.
The arrow closely misses you.
You see here 15 gold pieces.
The centaur shoots an arrow.
You block the arrow.
The centaur shoots an arrow.
The arrow hits you.
The bombardier beetle bites you but does no damage.
You puncture the bombardier beetle!
The bombardier beetle is heavily wounded.
The centaur shoots an arrow.
The arrow hits you!
You puncture the bombardier beetle!
You kill the bombardier beetle!
The centaur shoots an arrow.
The arrow barely misses you.
The centaur shoots an arrow.
The arrow hits you but does no damage.
A white imp comes into view.
The white imp shouts, "Get thee hence, thou bawdy unchin-snouted skainsmate!"
The centaur shoots an arrow.
The arrow hits you. The white imp gestures at you.
The puff of frost hits you but does no damage.
The centaur shoots an arrow.
The arrow hits you.
The centaur shoots an arrow.
The arrow hits you!
* * * LOW HITPOINT WARNING * * *
The white imp gestures at you. The puff of frost hits you. You resist.
* * * LOW HITPOINT WARNING * * *
The centaur shoots an arrow.
The arrow hits you.
* * * LOW HITPOINT WARNING * * *
The centaur shoots an arrow.
The arrow hits you!
You die...

#........##.......#
##...........o.....#
#..........#.......###
#..........####......##
###.........$.##........##
#.............5..........#
..#..........?.c.........#
......o..................#
.....o..........@........#
......####...........)..>#
......# ######.........##
......#########..........#
.......)))......$........#
......#########..........#
...(..# #..........#
......# #........).#
......# ##........##


You could see a centaur and a white imp.

Vanquished Creatures
  A black bear (D:5)
  2 scorpions (D:5)
  A bombardier beetle (D:5)
  2 adders (D:3)
  A dart slug (D:3)
  A ribbon worm (D:2)
  10 orcs
  8 ball pythons
  7 endoplasms
  A giant cockroach (D:1)
  4 goblins
  3 hobgoblins
  7 jackals
  8 kobolds
  4 bats
  6 frilled lizards
  5 rats
71 creatures vanquished.

Notes
Turn   | Place    | Note
-------+----------+-------------------------------------------
     0 | D:1      | horus123 the Human Fighter began the quest for the Orb.
     0 | D:1      | Reached XP level 1. HP: 18/18 MP: 1/1
   155 | D:1      | Reached XP level 2. HP: 17/24 MP: 2/2
   282 | D:1      | Reached skill level 3 in Polearms
   717 | D:2      | Reached XP level 3. HP: 29/29 MP: 3/3
  1212 | D:2      | Found a radiant altar of Vehumet.
  1598 | D:3      | Reached skill level 4 in Polearms
  1628 | D:3      | Reached XP level 4. HP: 32/35 MP: 4/4
  1924 | D:3      | You fall into a shaft and drop 3 floors!
  1942 | D:5      | Entered Level 5 of the Dungeon
  1968 | D:5      | Noticed a scorpion
  1969 | D:5      | Noticed a black bear
  1979 | D:5      | Noticed a scorpion
  1985 | D:5      | Killed a scorpion
  1986 | D:5      | Reached skill level 5 in Polearms
  1986 | D:5      | Reached XP level 5. HP: 31/41 MP: 5/5
  1996 | D:5      | Reached skill level 6 in Polearms
  1999 | D:5      | Killed a black bear
  2000 | D:5      | Reached XP level 6. HP: 35/47 MP: 6/6
  2017 | D:5      | Shot with an arrow by a centaur

Illustrated notes

Levels and vault maps discovered:
D:1:      saegor_arrival_simple_e, layout_rooms, wad_floor_pattern_untrapped,
          minmay_misc_feat_columns
D:2:      layout_loops_corners, basic_altar, minmay_misc_feat_enclosed
D:3:      layout_loops_ring
D:5:      layout_rooms, amcnicky_mini_pool_medium, uniq_edmund
D:6:      wad_river_or_something, layout_loops_corners, uniq_eustachio,
          uniq_pikel, uniq_menkaure, uniq_crazy_yiuf_cottage

Skill      XL: |  1  2  3  4  5 |
---------------+----------------+-----
Polearms       | 3 4 5 6 |  6.8
Fighting       | |  3.0
Armour         | |  3.0
Shields        | |  3.0

Action                     |  1- 3 |  4- 6 || total
---------------------------+-------+-------++-------
  Melee: Trident           |   158 |    68 ||   226
    Use: Scroll            |       |     1 ||     1
         Potion            |       |     1 ||     1
 Armour: Chain mail        |    46 |       ||    46
         Scale mail        |     2 |       ||     2
         Plate armour      |    52 |    80 ||   132
  Dodge: Dodged            |    38 |    20 ||    58
  Block: Buckler           |    31 |    18 ||    49

Table legend: (Time is in decaauts)
 A = Elapsed time spent in this place.
 B = Non-inter-level travel time spent in this place.
 C = Inter-level travel time spent in this place.
 D = Time resting spent in this place.
 E = Time spent auto-exploring this place.
 F = Levels seen in this place.
 G = Mean time per level.
                   A        B        C        D        E       F      G
               +--------+--------+--------+--------+--------+-----+--------+
         Total |   2049 |   1966 |     83 |      0 |   1458 |   5 |  409.8 |
       Dungeon |   2049 |   1966 |     83 |      0 |   1458 |   5 |  409.8 |
               +--------+--------+--------+--------+--------+-----+--------+

Top non-repeatable levels by time:
     D:2: 872 daAuts
     D:1: 643 daAuts
     D:3: 439 daAuts
     D:5: 76 daAuts
     D:6: 17 daAuts
